 Dungeon Crawl Stone Soup version 0.25-a0-424-g80bd347ae0 (webtiles) character file.

Game seed: 5085820659459414067, levelgen mode: deterministic

62 Kohma the Chopper (level 4, -1/27 HPs)
             Began as a Hill Orc Abyssal Knight on Jan 20, 2020.
             Was a Follower of Lugonu.
             Slain by a goblin (2 damage)
             ... led by Robin
             ... on level 2 of the Dungeon.
             The game lasted 00:04:42 (1539 turns).

Kohma the Chopper (Hill Orc Abyssal Knight)         Turns: 1539, Time: 00:04:42

Health: -1/27      AC:  9    Str: 15    XL:     4   Next: 8%
Magic:  5/5        EV:  6    Int: 12    God:    Lugonu [*.....]
Gold:   104        SH:  0    Dex:  6    Spells: 3/3 levels left

rFire    . . .     SeeInvis .   a - +1 hand axe
rCold    . . .     Gourm    .   (no shield)
rNeg     . . .     Faith    .   j - +0 chain mail
rPois    .         Spirit   .   b - +0 helmet
rElec    .         Reflect  .   (no cloak)
rCorr    .         Harm     .   (no gloves)
MR       .....                  (no boots)
Stlth    ..........             (no amulet)
HPRegen  0.09/turn              (no ring)
MPRegen  0.09/turn              (no ring)

@: no status effects
A: [blurry vision 2], [clumsy 2], [frail 3], [low mp 2]
a: Depart the Abyss, Renounce Religion


You were on level 2 of the Dungeon.
You worshipped Lugonu.
Lugonu was aware of your devotion.
You were not hungry.

You visited 1 branch of the dungeon, and saw 2 of its levels.
You visited the Abyss 1 time.

You collected 104 gold pieces.

Inventory:

Hand Weapons
 a - a +1 hand axe (weapon)
Missiles
 g - 109 stones (quivered)
Armour
 b - a +0 helmet (worn)
 j - a +0 chain mail (worn)
Jewellery
 h - an uncursed ring of protection from fire {unknown}
Scrolls
 e - a scroll of enchant armour {unknown}
 i - 2 scrolls of identify {unknown}
 k - 2 scrolls of fog {unknown}
 m - a scroll of fear {unknown}
 p - a scroll of remove curse {unknown}
 s - a scroll of magic mapping {unknown}
Potions
 d - a potion of cancellation {unknown}
 f - 2 potions of curing {unknown}
 l - a potion of magic {unknown}
 n - a potion of brilliance {unknown}
 o - a potion of lignification {unknown}
 q - a potion of agility {unknown}
 r - a potion of haste {unknown}
Comestibles
 c - 2 rations
 t - 2 chunks of flesh


   Skills:
 - Level 3.6 Fighting
 + Level 4.4 Axes
 - Level 2.1 Armour
 - Level 0.7 Dodging
 + Level 4.2 Invocations


You had 3 spell levels left.
You didn't know any spells.
Your spell library was empty.

Dungeon Overview and Level Annotations

Branches:
Dungeon (2/15)

Altars:

Annotations:
D:2 Robin


Innate Abilities, Weirdness & Mutations

[Scrolls take you longer to read.]
[You are very clumsy. (Dex -4)]
[You are extremely frail. (-30% HP)]
[Your magical capacity is very low. (-20% MP)]


Message History

The goblin shouts!
You hit the hobgoblin.
You kill the hobgoblin!
Lugonu accepts your kill.
A hobgoblin comes into view. It is wielding a +0 club.
Robin roars a battlecry!
The goblins go into a battle-frenzy!
The goblin hits you but does no damage.
You hear a shout!
You closely miss the goblin.
The goblin is moderately wounded.
The hobgoblin shouts!
You hit the goblin.
You kill the goblin!
Lugonu accepts your kill.
Robin's horned helmet rattles.
Robin throws the goblin at you!
* * * LOW HITPOINT WARNING * * *
The goblin hits you but does no damage. The goblin hits you.
You die...

.. .# .. .# #
########### .##.#g.
#.........###..g.gg.
#.##.##.#...gggg...#
#.##.##....g@###.#
#.##.##.#.##.#
#.##.##.#.##†#
#.##.........)...#
#.÷.###.##.#.#.###
###.# #....(.#.# #.#
##.....# . #######.#
#.....# ## #.......#
#. ...#


You could see Robin, a hobgoblin and 7 goblins.

Vanquished Creatures
  An adder (D:2)
  2 oozes (D:1)
  A worm (D:2)
  A dart slug (D:1)
  A leopard gecko (D:1)
  3 giant cockroaches (D:1)
  5 hobgoblins
  4 bats (D:1)
  9 goblins
  5 kobolds
  6 rats
38 creatures vanquished.

Notes
Turn   | Place    | Note
-------+----------+-------------------------------------------
     0 | Abyss:1  | Kohma the Hill Orc Abyssal Knight began the quest for the
                  | Orb.
     0 | Abyss:1  | Reached XP level 1. HP: 19/19 MP: 2/2
    16 | Abyss:1  | Found a roughly hewn altar of Beogh.
    30 | Abyss:1  | Noticed a shining eye
    32 | Abyss:1  | Noticed a worldbinder
    40 | Abyss:1  | Noticed a jumping spider
    40 | Abyss:1  | Noticed a jumping spider
    40 | Abyss:1  | Noticed a jumping spider
    57 | Abyss:3  | Found a corrupted altar of Lugonu.
   101 | Abyss:4  | Noticed a wretched star
   119 | D:1      | Escaped the Abyss
   425 | D:1      | Reached XP level 2. HP: 12/18 MP: 3/3
   563 | D:1      | Reached * piety under Lugonu
  1005 | D:1      | Reached XP level 3. HP: 19/21 MP: 4/4
  1523 | D:2      | Reached XP level 4. HP: 6/27 MP: 5/5
  1537 | D:2      | Noticed Robin
  1539 | D:2      | HP: 1/27 [Robin/goblin (3)]
  1539 | D:2      | Slain by a goblin

Levels and vault maps discovered:
D:1:      erik_arrival_gehennom, layout_basic, minmay_nonomino_d4
D:2:      layout_loops_cross, first_ration, uniq_robin, uniq_natasha,
          uniq_jessica, uniq_terence

Skill      XL: |  1  2  3 |
---------------+----------+-----
Axes           | 3 4 |  4.4
Invocations    | 3 4 |  4.2
Fighting       | |  3.6
Armour         | |  2.1
Dodging        | |  0.7

Action                   |  1- 3 |  4- 6 || total
-------------------------+-------+-------++-------
Melee: Hand axe          |   135 |    14 ||   149
Invok: Depart the Abyss  |     1 |       ||     1
  Eat: Chunk             |     2 |       ||     2
Armor: Leather armour    |     5 |       ||     5
       Chain mail        |    89 |     9 ||    98
Dodge: Dodged            |    75 |     4 ||    79

Table legend:
 A = Non-vault XP
 B = Vault XP
 C = Vault XP percentage of total XP
 D = Non-vault monster count
 E = Vault monster count
 F = Vault count percentage of total count
                 A         B        C        D         E       F
            +---------+---------+-------+---------+---------+-------
      Total |      64 |      25 |  28.1 |      28 |      10 |  26.3
            +---------+---------+-------+---------+---------+-------
        D:1 |      39 |      21 |  35.0 |      22 |       8 |  26.7
        D:2 |      25 |       4 |  13.8 |       6 |       2 |  25.0
            +---------+---------+-------+---------+---------+-------
